 Dungeon Crawl Stone Soup version 0.30-a0-830-gfe289a77b0 (webtiles) character file.

Game seed: 3450405367357385854

186 cforsyth the Sneak (level 5, -4/32 HPs)
             Began as a Kobold Brigand on Mar 1, 2023.
             Slain by an orc
             ... wielding a +0 mace
              (5 damage)
             ... on level 2 of the Dungeon.
             The game lasted 00:02:38 (2542 turns).

cforsyth the Sneak (Kobold Brigand)                 Turns: 2542, Time: 00:02:39

Health: -4/32      AC:  3    Str:  8    XL:     5   Next: 97%
Magic:  5/5        EV: 16    Int: 12    God:
Gold:   185        SH:  0    Dex: 25    Spells: 4/4 levels left

rFire   . . .      SeeInvis .    j - +2 dagger (drain)
rCold   . . .      Faith    .    (no shield)
rNeg    + . .      Spirit   .    b - +0 robe
rPois   .          Reflect  .    (no helmet)
rElec   .          Harm     .    c - +0 cloak
rCorr   .          Rampage  .    (no gloves)
Will    .....                    (no boots)
Stlth   +++++                    (no amulet)
HPRegen 0.25/turn                n - +6 ring of dexterity
MPRegen 0.09/turn                q - ring of positive energy

@: no status effects
A: small, no large weapons, nightstalker 3
a: no special abilities


You were on level 2 of the Dungeon.
You visited 1 branch of the dungeon, and saw 3 of its levels.

You collected 185 gold pieces.

Inventory:

Hand Weapons
 a - a +2 dagger
 j - a +2 dagger of draining (weapon)
Missiles
 d - 14 poisoned darts (quivered)
 e - 3 curare-tipped darts
Armour
 b - a +0 robe (worn)
 c - a +0 cloak (worn)
Jewellery
 n - a +6 ring of dexterity (left hand)
 q - a ring of positive energy (right hand)
Scrolls
 h - 2 scrolls of identify {unknown}
 k - a scroll of blinking {unknown}
 m - 2 scrolls of amnesia {unknown}
 o - 2 scrolls of enchant weapon {unknown}
 r - a scroll of poison {unknown}
 u - a scroll of teleportation {unknown}
Potions
 f - 2 potions of curing {unknown}
 g - a potion of heal wounds {unknown}
 i - 2 potions of resistance {unknown}
 l - a potion of invisibility {unknown}
 p - a potion of might {unknown}
 s - a potion of attraction {unknown}
 t - 2 potions of degeneration {unknown}


   Skills:
 + Level 3.6 Fighting
 + Level 4.4 Short Blades
 - Level 2.1 Throwing
 + Level 3.2 Dodging
 + Level 6.5 Stealth


You had 4 spell levels left.
You didn't know any spells.
Your spell library contained the following spells:

 Spells                   Type           Power      Damage    Failure   Level
 Gell's Gravitas          Tloc           0%         N/A       69%         3
 Teleport Other           Tloc           0%         N/A       69%         3
 Dispersal                Tloc           0%         N/A       100%        6


Dungeon Overview and Level Annotations

Branches:
Dungeon (3/15)

Altars:
Xom
Yredelemnul

Annotations:
D:3 Sigmund


Innate Abilities, Weirdness & Mutations

You are small and have problems with some larger weapons.
You are completely attuned to the shadows.


Message History

You climb downwards.
Level annotation: Sigmund The adder bites you but does no damage.
The orc hits you but does no damage. The adder barely misses you.
There is a stone staircase leading up here.
The adder closely misses you.
The orc priest invokes the aid of Beogh against you.
Pain shoots through your body! The orc closely misses you.
The adder bites you but does no damage.
You climb upwards.
There is a stone staircase leading down here.
Things that are here:
a +0 dagger; an orc skeleton You hit the adder.
You drain the adder.
The adder is heavily wounded.
The orc completely misses you. The orc priest closely misses you.
The adder bites you but does no damage.
You hit the adder. You drain the adder.
You kill the adder!
The orc closely misses you.
The orc priest hits you with a +0 dagger.
You hit the orc priest.
The orc priest is moderately wounded.
The orc hits you with a +0 mace.
The orc priest hits you with a +0 dagger.
You hit the orc priest. You drain the orc priest.
The orc priest is heavily wounded.
The orc hits you with a +0 mace. The orc priest barely misses you.
You closely miss the orc priest.
The orc priest is heavily wounded.
You hit the orc priest.
The orc priest is severely wounded.
The orc hits you with a +0 mace.
The orc priest calls down the wrath of Beogh upon you.
Beogh smites you!
* * * LOW HITPOINT WARNING * * *
You hit the orc priest.
The orc priest is almost dead.
The orc hits you with a +0 mace.
You die...

#........# #.##†###.#
####.#.#.##.# .......†#.#.#
#####)...##.# ##)#.###.#
########## ##....###.######
#))).....#
###)###........oo######)######.#
.)..# #.###.####@#......# #.#
###.###.# #.# #†#.###### #.# #
##....###.####.#.# #.# #
###.............# ####.##
#####...######.#.#.# #......
............##.#.#.# ###......
###.....###.##.#.#.# ##.......#
# #......##.##.#.#.# #........†
###.._...........#.# #........#


You could see an orc priest (very drained) and an orc.

Vanquished Creatures
  An orc priest (D:2)
  An orc wizard (D:2)
  4 adders
  2 worms (D:2)
  2 dart slugs
  9 orcs
  9 endoplasms
  A giant cockroach (D:2)
  4 goblins
  3 hobgoblins
  8 jackals
  3 kobolds
  A quokka (D:2)
  9 ball pythons
  9 bats
  7 frilled lizards
  4 rats
77 creatures vanquished.

Notes
Turn   | Place    | Note
-------+----------+-------------------------------------------
     0 | D:1      | cforsyth the Kobold Brigand began the quest for the Orb.
     0 | D:1      | Reached XP level 1. HP: 12/12 MP: 1/1
     1 | D:1      | Found a basalt altar of Yredelemnul.
   161 | D:1      | Reached XP level 2. HP: 18/18 MP: 2/2
   293 | D:1      | Reached XP level 3. HP: 22/22 MP: 3/3
  1074 | D:2      | Reached XP level 4. HP: 27/27 MP: 4/4
  1401 | D:2      | Found a shimmering altar of Xom.
  1411 | D:2      | Reached skill level 6 in Stealth
  1417 | D:2      | Reached XP level 5. HP: 32/32 MP: 5/5
  2022 | D:3      | Noticed Sigmund
  2541 | D:2      | HP: 1/32 [orc priest/divine providence (13)]
  2542 | D:2      | Slain by an orc

Illustrated notes

Levels and vault maps discovered:
D:1:      sevenhm_arrival_forest_fort_small_6, layout_basic
D:2:      layout_loops_ring, basic_altar
D:3:      layout_rooms, dreamdust_ecumenical_altar_grove, chequers_arboretum,
          uniq_sigmund, uniq_crazy_yiuf_cottage, uniq_grinder

Skill      XL: |  1  2  3  4  5 |
---------------+----------------+-----
Short Blades   | 3 4 |  4.4
Dodging        | 2 3 |  3.2
Fighting       | 3 |  3.6
Stealth        | 6 |  6.5
Throwing       | |  2.1

Action                     |  1- 3 |  4- 6 || total
---------------------------+-------+-------++-------
  Melee: Dagger            |    84 |    70 ||   154
         Punch             |     1 |       ||     1
   Stab: Sleeping          |    15 |    24 ||    39
 Armour: Robe              |    14 |     5 ||    19
  Dodge: Dodged            |    59 |    35 ||    94

Table legend: (Time is in decaauts)
 A = Elapsed time spent in this place.
 B = Non-inter-level travel time spent in this place.
 C = Inter-level travel time spent in this place.
 D = Time resting spent in this place.
 E = Time spent auto-exploring this place.
 F = Levels seen in this place.
 G = Mean time per level.
                   A        B        C        D        E       F      G
               +--------+--------+--------+--------+--------+-----+--------+
         Total |   2514 |   2424 |     90 |    420 |   1564 |   3 |  838.0 |
       Dungeon |   2514 |   2424 |     90 |    420 |   1564 |   3 |  838.0 |
               +--------+--------+--------+--------+--------+-----+--------+

Top non-repeatable levels by time:
     D:2: 1303 daAuts
     D:1: 861 daAuts
     D:3: 349 daAuts
